AoeStats
← felixpouteau920

Fortress

508246851Analyzed
2v2 RM · 10d ago on Sep 21, 2026· 54m 38s· 4 players
Game mode
Random Map
Map size
Normal (6 player)
Population
200
Speed
Normal
Resources
Standard
Victory
Conquest
Starting age
Dark Age
Ending age
Imperial Age
RankedLock teamsTeams togetherTeam positionsShared explorationLock speedFull tech treeHidden civsTurbo modeCheats
Victory
Defeat
🇪🇪 Bengalis · Estonia
1045
+11
912
+17
🇫🇷 Britons · France
933
-14
🇫🇷 Goths · France
926
-14
oihancout1
7:39 Feudal Age
8:10 Double-Bit Axe
8:09 Horse Collar
11:22 Wheelbarrow
14:27 Castle Age
14:16 Stone Mining
15:38 Heavy Plow
15:48 Bow Saw
17:21 Gold Mining
18:46 Loom
22:55 Gold Shaft Mining
24:15 Hand Cart
25:28 Yeomen
27:58 Imperial Age
25:54 Yeomen
25:22 Crossbowman
27:18 Town Watch
27:48 Fletching
27:58 Padded Archer Armor
29:47 Bodkin Arrow
30:06 Pikeman
31:34 Squires
33:25 Leather Archer Armor
35:37 Arbalester
37:48 Bracer
37:59 Forging
37:50 Scale Mail Armor
38:20 Ring Archer Armor
39:28 Chemistry
38:49 Ballistics
felixpouteau920
8:16 Feudal Age
7:19 Loom
8:51 Horse Collar
9:01 Double-Bit Axe
9:27 Gold Mining
12:41 Wheelbarrow
12:35 Stone Mining
16:23 Castle Age
14:37 Scale Mail Armor
15:28 Forging
18:40 Heavy Plow
18:52 Bow Saw
19:21 Stone Shaft Mining
19:58 Hand Cart
22:26 Anarchy
26:57 Imperial Age
24:46 Pikeman
25:29 Squires
26:52 Iron Casting
26:32 Chain Mail Armor
26:18 Padded Archer Armor
26:08 Fletching
27:05 Elite Skirmisher
29:20 Two-Man Saw
28:10 Elite Huskarl
29:45 Crop Rotation
29:56 Halberdier
31:31 Perfusion
33:44 Blast Furnace
32:40 Bodkin Arrow
33:00 Leather Archer Armor
42:11 Ring Archer Armor
41:42 Bracer
Carmolis
8:02 Feudal Age
8:48 Double-Bit Axe
8:44 Horse Collar
13:12 Castle Age
13:56 Wheelbarrow
14:03 Bow Saw
13:54 Heavy Plow
18:56 Hand Cart
20:14 Town Watch
20:17 Loom
24:16 Imperial Age
23:04 Forging
22:59 Scale Barding Armor
23:06 Husbandry
23:16 Bloodlines
23:40 Town Patrol
24:44 Masonry
25:14 Gold Mining
25:14 Stone Mining
26:27 Two-Man Saw
26:00 Crop Rotation
26:52 Iron Casting
26:37 Chain Barding Armor
26:36 Elite Battle Elephant
27:26 Paiks
27:44 Conscription
29:20 Gold Shaft Mining
30:13 Blast Furnace
29:48 Plate Barding Armor
29:58 Plate Barding Armor
29:58 Siege Elephant
34:26 Caravan
34:17 Heavy Scorpion
35:12 Siege Engineers
35:29 Ballistics
36:25 Chemistry
35:43 Fletching
37:36 Mahayana
49:01 Light Cavalry
.obey† .FourDoorsMoreWhores
10:07 Feudal Age
10:41 Double-Bit Axe
10:39 Horse Collar
14:39 Castle Age
16:06 Heavy Plow
16:19 Bow Saw
23:24 Scale Barding Armor
27:31 Imperial Age
27:34 Husbandry
27:30 Fletching
27:41 Padded Archer Armor
27:46 Heavy Camel Rider
29:13 Caravan
30:55 Two-Man Saw
31:41 Chain Barding Armor
31:29 Gold Mining
33:13 Elite Janissary
Connection lost

Rejoining the realm…

Still unreachable

The connection could not be restored.

Session expired

The server has moved on; the page needs a fresh start.